[Event "Budapest Spring Festival 2019"]
[Site "Budapest"]
[Date "2019.04.09"]
[Round "1.8"]
[White "Balint, Vilmos"]
[Black "Gopal G.N."]
[Result "0-1"]
[ECO "A04"]
[WhiteElo "2301"]
[BlackElo "2589"]
[Annotator "RC"]
[PlyCount "62"]
[EventDate "2019.04.09"]
[EventType "swiss"]
[EventCountry "HUN"]
[SourceTitle "playchess.com"]
[Source "ChessBase"]
[SourceQuality "1"]
[TimeControl "40/5400+30:1800+30"]

1. Nf3 c5 2. c4 Nc6 3. g3 g6 4. Bg2 Bg7 5. O-O d6 6. Nc3 e6 7. a3 Nge7 8. b4 O-O 9. Rb1 b6 10. Na4 Rb8 11. d3 Bb7 12. e3 Qd7 13. Qc2 f5 14. Ng5 h6 15. Nf3 e5 16. Nc3 g5 17. Ne1 Kh8 18. b5 Nd8 19. Ne2 Ne6 20. f4 exf4 21. exf4 Ng6 22. fxg5 hxg5 23. Bb2 Rbe8 24. d4 Bxg2 25. Nxg2 Nxd4 26. Nxd4 cxd4 27. Rbd1 Re4 28. Rd2 Qe6 29. Qd1 f4 30. Qh5+ Kg8 31. Qxg5 Re5 0-1

[Event "Budapest Spring Festival 2019"]
[Site "Budapest"]
[Date "2019.04.09"]
[Round "1.10"]
[White "Lyell, Mark"]
[Black "Santos Latasa, Jaime"]
[Result "1/2-1/2"]
[ECO "B24"]
[WhiteElo "2298"]
[BlackElo "2585"]
[Annotator "ChessBase"]
[PlyCount "113"]
[EventDate "2019.04.09"]
[EventType "swiss"]
[EventCountry "HUN"]
[SourceTitle "playchess.com"]
[Source "ChessBase"]
[SourceQuality "1"]
[TimeControl "40/5400+30:1800+30"]

1. e4 c5 2. Nc3 Nc6 3. Bb5 Nd4 4. Bc4 a6 5. d3 e6 6. Nge2 b5 7. Bb3 Nxb3 8. axb3 Bb7 9. O-O Nf6 10. f4 d5 11. e5 d4 12. exf6 dxc3 13. f5 Qxf6 14. fxe6 Qxe6 15. Nf4 Qf6 16. bxc3 Bd6 17. Qe2+ Qe7 18. Qxe7+ Bxe7 19. Bb2 f6 20. c4 Kf7 21. Nd5 Bxd5 22. cxd5 Rhb8 23. Be5 Rb7 24. c4 a5 25. Bg3 bxc4 26. bxc4 Rb3 27. Rfb1 Rxb1+ 28. Rxb1 a4 29. Kf1 a3 30. Ke2 a2 31. Ra1 f5 32. Be5 Bf6 33. Bxf6 Kxf6 34. Kd2 Ke5 35. Kc3 Ra3+ 36. Kb2 Rxd3 37. Rxa2 Kd4 38. Kc2 Rc3+ 39. Kd1 Ke5 40. Rc2 Rb3 41. Re2+ Kd4 42. d6 Rb8 43. d7 Rd8 44. Re7 g6 45. Rxh7 Kxc4 46. Kc2 Kd4 47. h4 Ke5 48. Kc3 Ke6 49. Kc4 Rxd7 50. Rxd7 Kxd7 51. Kxc5 Ke6 52. Kd4 Kf6 53. Kd5 g5 54. hxg5+ Kxg5 55. Ke5 Kg4 56. g3 Kxg3 57. Kxf5 1/2-1/2

[Event "Budapest Spring Festival 2019"]
[Site "Budapest"]
[Date "2019.04.09"]
[Round "1.12"]
[White "Bach, Matthias"]
[Black "Savchenko, Boris"]
[Result "0-1"]
[ECO "A69"]
[WhiteElo "2297"]
[BlackElo "2575"]
[Annotator "ChessBase"]
[PlyCount "62"]
[EventDate "2019.04.09"]
[EventType "swiss"]
[EventCountry "HUN"]
[SourceTitle "playchess.com"]
[Source "ChessBase"]
[SourceQuality "1"]
[TimeControl "40/5400+30:1800+30"]

1. d4 Nf6 2. c4 e6 3. Nc3 c5 4. d5 exd5 5. cxd5 g6 6. e4 d6 7. f4 Bg7 8. Nf3 O-O 9. Be2 Re8 10. e5 Nfd7 11. e6 fxe6 12. O-O Nf8 13. Bc4 h6 14. Re1 Na6 15. Be3 Nc7 16. Bf2 exd5 17. Bh4 Rxe1+ 18. Qxe1 Bxc3 19. Qxc3 Qe8 20. Re1 Be6 21. Bd3 Qf7 22. f5 gxf5 23. Qd2 f4 24. g3 Re8 25. gxf4 Bf5 26. Bxf5 Qxf5 27. Be7 Kf7 28. Bxd6 Qg6+ 29. Ng5+ hxg5 30. Bxc7 Rxe1+ 31. Qxe1 gxf4+ 0-1

[Event "Budapest Spring Festival 2019"]
[Site "Budapest"]
[Date "2019.04.09"]
[Round "1.15"]
[White "Stupak, Kirill"]
[Black "Kathmale, Sameer"]
[Result "1-0"]
[ECO "A45"]
[WhiteElo "2547"]
[BlackElo "2279"]
[Annotator "ChessBase"]
[PlyCount "45"]
[EventDate "2019.04.09"]
[EventType "swiss"]
[EventCountry "HUN"]
[SourceTitle "playchess.com"]
[Source "ChessBase"]
[SourceQuality "1"]
[TimeControl "40/5400+30:1800+30"]

1. d4 Nf6 2. g3 g6 3. Bg2 c5 4. Nf3 Bg7 5. O-O cxd4 6. Nxd4 Nc6 7. c4 O-O 8. Nc3 a6 9. c5 Nxd4 10. Qxd4 d6 11. cxd6 Ne8 12. Qh4 Nxd6 13. Rd1 Bd7 14. Nd5 Nf5 15. Qb4 a5 16. Qxb7 Rb8 17. Qa7 Bxb2 18. Bxb2 Rxb2 19. Bh3 Rc2 20. e4 e6 21. Qxd7 exd5 22. Qxd8 Rxd8 23. exf5 1-0

[Event "Budapest Spring Festival 2019"]
[Site "Budapest"]
[Date "2019.04.09"]
[Round "1.20"]
[White "Terbe, Julianna"]
[Black "Krzyzanowski, Marcin"]
[Result "0-1"]
[ECO "A45"]
[WhiteElo "2265"]
[BlackElo "2509"]
[Annotator "RC"]
[PlyCount "80"]
[EventDate "2019.04.09"]
[EventType "swiss"]
[EventCountry "HUN"]
[SourceTitle "playchess.com"]
[Source "ChessBase"]
[SourceQuality "1"]
[TimeControl "40/5400+30:1800+30"]

1. d4 Nf6 2. Bf4 g6 3. e3 Bg7 4. Nf3 O-O 5. Be2 d6 6. h3 Nbd7 7. O-O Qe8 8. c4 e5 9. Bh2 Ne4 10. Qc2 f5 11. Nc3 Nxc3 12. Qxc3 Qe7 13. Rac1 b6 14. Qc2 a5 15. Rfd1 g5 16. Ne1 e4 17. Qd2 Kh8 18. Nc2 Qf7 19. f4 exf3 20. Bxf3 Rb8 21. Na3 Nf6 22. Nb5 g4 23. hxg4 fxg4 24. Bd5 Qd7 25. e4 Re8 26. Qd3 Ba6 27. Na7 Nxd5 28. exd5 Bh6 29. Nc6 Ra8 30. Rc3 Re3 31. Qd2 Rh3 32. Bf4 Bxf4 33. Qxf4 Rxc3 34. bxc3 Bxc4 35. Re1 Qg7 36. Re7 Rf8 37. Qc1 Qg6 38. Re1 g3 39. Qe3 Qg4 40. Qe6 Qf4 0-1

[Event "Budapest Spring Festival 2019"]
[Site "Budapest"]
[Date "2019.04.09"]
[Round "1.24"]
[White "Gyurkovics, Bence"]
[Black "Galyas, Miklos"]
[Result "1/2-1/2"]
[ECO "A41"]
[WhiteElo "2261"]
[BlackElo "2490"]
[Annotator "ChessBase"]
[PlyCount "80"]
[EventDate "2019.04.09"]
[EventType "swiss"]
[EventCountry "HUN"]
[SourceTitle "playchess.com"]
[Source "ChessBase"]
[SourceQuality "1"]
[TimeControl "40/5400+30:1800+30"]

1. d4 d6 2. c4 e5 3. Nf3 e4 4. Ng5 f5 5. Nc3 c6 6. g3 Be7 7. h4 Nf6 8. Nh3 O-O 9. Nf4 Na6 10. e3 Nc7 11. b3 d5 12. Bb2 b5 13. Be2 Rb8 14. Qc2 bxc4 15. bxc4 Ne6 16. Nxe6 Bxe6 17. c5 Ng4 18. Rb1 f4 19. gxf4 Bxh4 20. Nd1 Nxe3 21. Nxe3 Rxf4 22. Bc1 Bxf2+ 23. Kd1 Rf8 24. Rxb8 Qxb8 25. Qa4 Qc7 26. Ng4 Bxg4 27. Bxg4 Qg3 28. Be2 Qc3 29. Qxc6 Qxd4+ 30. Kc2 Qxc5+ 31. Qxc5 Bxc5 32. Rh5 Rc8 33. Bg4 Rc7 34. Be6+ Kf8 35. Kd1 d4 36. Rxc5 Rxc5 37. Ba3 Ke7 38. Bxc5+ Kxe6 39. Bxd4 g5 40. Bxa7 Kd5 1/2-1/2

[Event "Budapest Spring Festival 2019"]
[Site "Budapest"]
[Date "2019.04.09"]
[Round "1.27"]
[White "Lizak, Peter"]
[Black "Louis, Thibault"]
[Result "1-0"]
[ECO "A45"]
[WhiteElo "2472"]
[BlackElo "2251"]
[Annotator "ChessBase"]
[PlyCount "53"]
[EventDate "2019.04.09"]
[EventType "swiss"]
[EventCountry "HUN"]
[SourceTitle "playchess.com"]
[Source "ChessBase"]
[SourceQuality "1"]
[TimeControl "40/5400+30:1800+30"]

1. d4 Nf6 2. Nc3 d5 3. Bf4 e6 4. Nb5 Na6 5. a3 c6 6. Nc3 Be7 7. e3 O-O 8. h4 c5 9. Nf3 Bd7 10. Ne5 Rc8 11. g4 Ne8 12. g5 Nd6 13. Bh3 cxd4 14. exd4 Nc4 15. Nxc4 Rxc4 16. Bf1 Rc8 17. Bd3 Qb6 18. Rb1 Nc7 19. Be5 Bd6 20. Bxh7+ Kxh7 21. Qh5+ Kg8 22. Bxg7 f5 23. Bf6 Rxf6 24. gxf6 Kf8 25. Rg1 Ne8 26. Qh6+ Kf7 27. Qg6+ 1-0

[Event "Budapest Spring Festival 2019"]
[Site "Budapest"]
[Date "2019.04.09"]
[Round "1.33"]
[White "Asadli, Vugar"]
[Black "Borsos, Bogdan"]
[Result "1-0"]
[ECO "C65"]
[WhiteElo "2454"]
[BlackElo "2234"]
[Annotator "ChessBase"]
[PlyCount "65"]
[EventDate "2019.04.09"]
[EventType "swiss"]
[EventCountry "HUN"]
[SourceTitle "playchess.com"]
[Source "ChessBase"]
[SourceQuality "1"]
[TimeControl "40/5400+30:1800+30"]

1. e4 e5 2. Nf3 Nc6 3. Bb5 Nf6 4. d3 Bc5 5. O-O Nd4 6. Nxd4 Bxd4 7. Nd2 c6 8. Ba4 Bb6 9. Bb3 O-O 10. Nc4 Bc7 11. Bg5 h6 12. Bh4 g5 13. Bg3 d6 14. c3 Kg7 15. Bc2 Bg4 16. Qd2 Nh5 17. d4 Qe7 18. Rfe1 Qf6 19. Bd1 Bxd1 20. Raxd1 Rad8 21. Ne3 Kh8 22. Qc2 Nf4 23. Qb3 Bb6 24. Nc4 Qe6 25. Qb4 c5 26. Qb5 cxd4 27. Nxb6 axb6 28. cxd4 Ng6 29. Qxb6 Rc8 30. dxe5 dxe5 31. Rd6 Qe7 32. Red1 Qc7 33. Qxc7 1-0

[Event "Budapest Spring Festival 2019"]
[Site "Budapest"]
[Date "2019.04.09"]
[Round "1.39"]
[White "Srinath, Rao S.V."]
[Black "Taranenko, Evgueniy"]
[Result "1-0"]
[ECO "B00"]
[WhiteElo "2416"]
[BlackElo "2212"]
[Annotator "NA"]
[PlyCount "47"]
[EventDate "2019.04.09"]
[EventType "swiss"]
[EventCountry "HUN"]
[SourceTitle "playchess.com"]
[Source "ChessBase"]
[SourceQuality "1"]
[TimeControl "40/5400+30:1800+30"]

1. e4 Nc6 2. Nc3 e6 3. d4 Bb4 4. a3 Bxc3+ 5. bxc3 d6 6. Bd3 e5 7. Ne2 Nge7 8. O-O O-O 9. f4 exf4 10. Nxf4 Ng6 11. Nxg6 hxg6 12. Qf3 Qh4 13. Rb1 a6 14. Bf4 Qh5 15. Qg3 b5 16. h3 Na5 17. Rf2 Bb7 18. Be2 Qh7 19. e5 d5 20. e6 Nc4 21. Bd3 f5 22. Bg5 Nxa3 23. Ra1 Nc4 24. Rf4 1-0

[Event "Budapest Spring Festival 2019"]
[Site "Budapest"]
[Date "2019.04.10"]
[Round "2.3"]
[White "Nguyen, Van Thanh"]
[Black "Erdos, Viktor"]
[Result "1/2-1/2"]
[ECO "A46"]
[WhiteElo "2391"]
[BlackElo "2610"]
[Annotator "RC"]
[PlyCount "49"]
[EventDate "2019.04.09"]
[EventType "swiss"]
[EventCountry "HUN"]
[SourceTitle "playchess.com"]
[Source "ChessBase"]
[SourceQuality "1"]
[TimeControl "40/5400+30:1800+30"]

1. d4 Nf6 2. Nf3 d5 3. c4 c6 4. Qc2 dxc4 5. Qxc4 Bg4 6. Nbd2 Nbd7 7. g3 e6 8. Bg2 Be7 9. O-O O-O 10. b3 Rc8 11. Bb2 b5 12. Qc2 c5 13. Rac1 Qb6 14. Qb1 h6 15. Rfe1 Bf5 16. Qa1 Bh7 17. Red1 Rfd8 18. a3 Bf8 19. h3 a6 20. Ne1 Qb8 21. Nef3 Qb6 22. Ne1 Qb8 23. Nef3 Nd5 24. Kh2 N5f6 25. Kg1 1/2-1/2

[Event "Budapest Spring Festival 2019"]
[Site "Budapest"]
[Date "2019.04.10"]
[Round "2.9"]
[White "Savchenko, Boris"]
[Black "Mehar, Chinna Reddy C.H."]
[Result "1/2-1/2"]
[ECO "B69"]
[WhiteElo "2575"]
[BlackElo "2348"]
[Annotator "RC"]
[PlyCount "62"]
[EventDate "2019.04.09"]
[EventType "swiss"]
[EventCountry "HUN"]
[SourceTitle "playchess.com"]
[Source "ChessBase"]
[SourceQuality "1"]
[TimeControl "40/5400+30:1800+30"]

1. e4 c5 2. Nf3 d6 3. d4 cxd4 4. Nxd4 Nf6 5. Nc3 Nc6 6. Bg5 e6 7. Qd2 a6 8. O-O-O Bd7 9. f4 Be7 10. Nf3 b5 11. Bxf6 gxf6 12. f5 Qb6 13. Ne2 O-O-O 14. Nf4 Kb8 15. g3 d5 16. fxe6 fxe6 17. exd5 e5 18. d6 Bg4 19. Nd5 Qc5 20. Nxe7 Nxe7 21. Be2 Nc8 22. Qa5 Rxd6 23. Rxd6 Nxd6 24. Kb1 Rc8 25. Rc1 Bxf3 26. Bxf3 Nc4 27. Qc3 Qf2 28. Ka1 Nd2 29. Bc6 e4 30. a4 Rc7 31. Ka2 Qb6 1/2-1/2

[Event "Budapest Spring Festival 2019"]
[Site "Budapest"]
[Date "2019.04.10"]
[Round "2.23"]
[White "Suta, Andraz"]
[Black "Erenberg, Ariel"]
[Result "0-1"]
[ECO "C95"]
[WhiteElo "2205"]
[BlackElo "2437"]
[Annotator "NA"]
[PlyCount "116"]
[EventDate "2019.04.09"]
[EventType "swiss"]
[EventCountry "HUN"]
[SourceTitle "playchess.com"]
[Source "ChessBase"]
[SourceQuality "1"]
[TimeControl "40/5400+30:1800+30"]

1. e4 e5 2. Nf3 Nc6 3. Bb5 a6 4. Ba4 Nf6 5. O-O Be7 6. Re1 b5 7. Bb3 d6 8. c3 O-O 9. h3 Nb8 10. d4 Nbd7 11. Nbd2 Bb7 12. Bc2 Re8 13. Nf1 Bf8 14. Ng3 g6 15. a4 Nb6 16. b3 bxa4 17. bxa4 a5 18. Rb1 Ba6 $11 19. Nh2 Bg7 20. Qf3 Qe7 21. Nhf1 Nfd7 22. Rd1 h5 23. Ne3 Qf6 24. Qxf6 Bxf6 25. Bb2 Rab8 26. Ngf1 Nc4 27. Bc1 Rxb1 28. Bxb1 Rb8 29. Ba2 Nb2 30. Bxb2 Rxb2 31. Bc4 exd4 32. cxd4 Bb7 33. d5 Nc5 34. Bb5 Nxe4 35. Nc4 Ra2 36. Nxa5 Nc3 37. Rd3 Bxd5 38. Nc6 Bxc6 39. Bxc6 Ne2+ 40. Kh2 Nd4 41. Bd7 Be5+ 42. g3 Rxf2+ 43. Kg1 Ra2 44. g4 h4 45. Kh1 Ra1 46. Kg2 Ne2 47. Rf3 Nf4+ 48. Kh2 c5 49. Ne3 Nd3+ 50. Kg2 Ne1+ 51. Kf2 Nxf3 52. Kxf3 Bd4 53. Nc2 Ra2 54. Nxd4 cxd4 55. Ke4 Ra3 56. Kxd4 Rxh3 57. Kc4 Rh1 58. a5 h3 0-1

[Event "Budapest Spring Festival 2019"]
[Site "Budapest"]
[Date "2019.04.10"]
[Round "2.24"]
[White "Raja Harshit"]
[Black "Abhilash, Reddy M.L."]
[Result "1-0"]
[ECO "B07"]
[WhiteElo "2432"]
[BlackElo "2252"]
[Annotator "NA"]
[PlyCount "85"]
[EventDate "2019.04.09"]
[EventType "swiss"]
[EventCountry "HUN"]
[SourceTitle "playchess.com"]
[Source "ChessBase"]
[SourceQuality "1"]
[TimeControl "40/5400+30:1800+30"]

1. e4 d6 2. d4 Nf6 3. Nc3 e5 4. dxe5 dxe5 5. Qxd8+ Kxd8 6. Bc4 Ke8 7. Nf3 Bd6 8. Be3 a6 9. O-O-O h6 10. h3 Nbd7 11. a4 b6 $14 12. Rhe1 Bb7 13. Bd5 Rb8 14. Re2 Kf8 15. Bxb7 Rxb7 16. Nd2 Ke7 17. Nc4 Rc8 18. Red2 Ne8 19. Nd5+ Kf8 20. Kb1 b5 21. Na5 Rbb8 22. Nc6 Ra8 23. axb5 axb5 24. Na7 Rcb8 25. Nxc7 Nxc7 26. Rxd6 Nf6 27. f3 Kg8 28. Nc6 Re8 29. Bxh6 Nh7 30. Be3 Nf8 31. c3 f6 32. Rd8 Ng6 33. Rxa8 Nxa8 34. Rd7 Nh4 35. Ne7+ Kh8 36. Nf5 Nxg2 37. Nxg7 Rg8 38. Nf5 Nxe3 39. Nxe3 Nb6 40. Rb7 Nc4 41. Ng4 Nd2+ 42. Kc2 Nxf3 43. Nxf6 1-0

[Event "Budapest Spring Festival 2019"]
[Site "Budapest"]
[Date "2019.04.10"]
[Round "2.25"]
[White "Nguyen, Piotr"]
[Black "Karacsonyi, Gellert"]
[Result "1-0"]
[ECO "B36"]
[WhiteElo "2427"]
[BlackElo "2279"]
[Annotator "NA"]
[PlyCount "79"]
[EventDate "2019.04.09"]
[EventType "swiss"]
[EventCountry "HUN"]
[SourceTitle "playchess.com"]
[Source "ChessBase"]
[SourceQuality "1"]
[TimeControl "40/5400+30:1800+30"]

1. e4 c5 2. Nf3 Nc6 3. d4 cxd4 4. Nxd4 g6 5. c4 Nf6 6. Nc3 d6 7. f3 Nxd4 8. Qxd4 Bg7 9. Be3 O-O 10. Qd2 Qa5 11. Rc1 Be6 {[%emt 0:08:17] LiveBook: 199 Games} 12. b3 {[%emt 0:00:16] B36: Sicilian: Maroczy Bind: Gurgenidze System} (12. Nd5 Qxa2 13. Nxe7+ Kh8 14. Bd4 Rae8 15. Qc3 Nh5 16. Bxg7+ Nxg7 17. b4 Qa4 18. b5 a5 19. Nd5 Bxd5 20. cxd5 f5 21. Ra1 Qb4 22. Qxb4 axb4 {1-0 (51) Carlsen,M (2832)-Guseinov,G (2645) chess.com INT 2017}) 12... Rfc8 13. g4 a6 $146 ({Predecessor:} 13... Rab8 14. Be2 a6 15. h4 b5 16. Nd5 Qxd2+ 17. Kxd2 Nxd5 18. cxd5 Bd7 19. g5 Bb2 20. Rc2 {½-½ (20) Almarza Mato,C (2199)-Gibbons,A (2113) ICCF email 2017}) 14. Na4 Qxd2+ 15. Kxd2 Nd7 16. Rg1 Rf8 17. Nc3 $11 Kh8 18. Nd5 Bxd5 19. cxd5 Rac8 20. Bh3 Bb2 21. Rxc8 Rxc8 22. g5 Rc7 23. Rb1 Ba3 24. Bxd7 Rxd7 25. b4 Rc7 26. Bd4+ Kg8 27. Bc3 a5 28. bxa5 Bc5 29. a4 Ba7 30. f4 e6 31. Kd3 Kf8 32. Bb4 Bc5 33. Rc1 exd5 34. exd5 Ke7 35. Bxc5 dxc5 36. Kc4 f6 37. Re1+ Kf7 38. d6 Rc6 39. Kd5 fxg5 40. d7 1-0

[Event "Budapest Spring Festival 2019"]
[Site "Budapest"]
[Date "2019.04.10"]
[Round "2.26"]
[White "Navaratnam, Rohan Shan Tze"]
[Black "Srinath, Rao S.V."]
[Result "0-1"]
[ECO "C12"]
[WhiteElo "2068"]
[BlackElo "2416"]
[Annotator "NA"]
[PlyCount "56"]
[EventDate "2019.04.09"]
[EventType "swiss"]
[EventCountry "HUN"]
[SourceTitle "playchess.com"]
[Source "ChessBase"]
[SourceQuality "1"]
[TimeControl "40/5400+30:1800+30"]

1. e4 e6 2. d4 d5 3. Nc3 Nf6 4. Bg5 Bb4 5. exd5 Qxd5 6. Bxf6 Bxc3+ 7. bxc3 gxf6 8. Nf3 Nd7 9. g3 b6 10. Bg2 Ba6 11. Nh4 Qa5 12. Qf3 Rd8 13. Qe3 c5 14. f4 cxd4 15. Qxd4 O-O 16. Qb4 Rc8 17. O-O-O Rc7 18. Qxa5 bxa5 19. f5 Ne5 20. Rd6 Bc8 21. Bh3 Rxc3 22. fxe6 fxe6 23. Bxe6+ Bxe6 24. Rxe6 Rfc8 25. Rxf6 Rxc2+ 26. Kb1 Nd3 27. a4 Rb2+ 28. Ka1 Rc3 0-1

[Event "Budapest Spring Festival 2019"]
[Site "Budapest"]
[Date "2019.04.10"]
[Round "2.27"]
[White "Jijo Joy"]
[Black "Taylor, Adam C"]
[Result "1/2-1/2"]
[ECO "C47"]
[WhiteElo "2018"]
[BlackElo "2398"]
[Annotator "NA"]
[PlyCount "86"]
[EventDate "2019.04.09"]
[EventType "swiss"]
[EventCountry "HUN"]
[SourceTitle "playchess.com"]
[Source "ChessBase"]
[SourceQuality "1"]
[TimeControl "40/5400+30:1800+30"]

1. e4 e5 2. Nf3 Nc6 3. Nc3 Nf6 4. d4 exd4 5. Nxd4 Bb4 6. Nxc6 bxc6 7. Bd3 d5 8. exd5 cxd5 9. O-O {[%emt 0:00:26] LiveBook: 2184 Games} O-O 10. Bg5 $11 Be6 11. Qf3 Be7 12. h3 h6 13. Bh4 Rb8 14. b3 Rb4 15. Bg3 Bd6 16. Bxd6 Qxd6 17. Ne2 c5 18. Rad1 Qe5 19. c3 Rh4 20. Qg3 Qg5 21. f4 Qh5 22. Qe3 d4 23. cxd4 cxd4 24. Qe5 Qxe5 25. fxe5 Nd5 26. Rd2 Rd8 27. Rf3 Nb4 28. Bf5 Bxf5 29. Rxf5 Re4 30. Rf4 Rxf4 31. Nxf4 g5 32. Nd3 Nxd3 33. Rxd3 f6 34. exf6 Kf7 35. Rf3 Rc8 36. Rd3 Rd8 37. Rf3 d3 38. Rf1 Rc8 39. Rd1 Rc3 40. Rd2 Rc2 41. Rxd3 Rxa2 42. Rd6 Ra3 43. b4 Rb3 1/2-1/2

[Event "Budapest Spring Festival 2019"]
[Site "Budapest"]
[Date "2019.04.10"]
[Round "2.36"]
[White "Wong, Jianwen"]
[Black "Shagbazyan, Taron"]
[Result "1-0"]
[ECO "A20"]
[WhiteElo "2185"]
[BlackElo "2429"]
[Annotator "NA"]
[PlyCount "151"]
[EventDate "2019.04.09"]
[EventType "swiss"]
[EventCountry "HUN"]
[SourceTitle "playchess.com"]
[Source "ChessBase"]
[SourceQuality "1"]
[TimeControl "40/5400+30:1800+30"]

1. c4 e5 2. g3 Nf6 3. Bg2 d5 4. cxd5 Nxd5 5. Nc3 Nb6 6. Nf3 Nc6 7. O-O Be7 8. d3 O-O 9. Be3 Be6 10. Rc1 f6 11. Ne4 {[%emt 0:01:31] A29: English Opening: Four Knights Variation with 4 g3} (11. a3 Qd7 12. d4 exd4 13. Nxd4 Nxd4 14. Qxd4 Qxd4 15. Bxd4 c6 16. Ne4 Bd5 17. Rfd1 Rfe8 18. e3 Rad8 19. b4 Kf7 {½-½ (39) Kamsky,G (2741)-Cheparinov,I (2678) Khanty-Mansiysk 2013}) 11... a5 $146 ({Predecessor:} 11... Nd5) 12. Nc5 Bxc5 13. Bxc5 Rf7 14. Nd2 Bd5 15. Bh3 f5 16. Nc4 Nd7 17. Ne3 Bxa2 18. Bxf5 Nxc5 19. Rxc5 Qf8 20. Rxc6 bxc6 21. Qa4 Rxf5 22. Nxf5 Qxf5 23. Qxa2+ Qf7 24. Qa3 Qd5 25. Rc1 e4 26. Rc5 Qe6 27. d4 Qg4 28. Qb3+ Kh8 29. Rxa5 Re8 30. Qe3 h6 31. Re5 Rxe5 32. dxe5 Kg8 33. Qb3+ Kh7 34. Qc4 Qf5 35. e6 Qe5 36. Qxc6 h5 37. Qd7 Qf5 38. Qf7 Qd5 39. Qd7 Qf5 40. Qe8 e3 41. f3 h4 42. gxh4 Qa5 43. Kg2 Qa6 44. Qh5+ Kg8 45. Qf7+ Kh7 46. Qf5+ Kg8 47. Qd3 Qxe6 48. Qd8+ Kh7 49. Qxc7 Qg6+ 50. Kh3 Qb1 51. Qc4 Qxb2 52. Qe4+ Kh8 53. Qxe3 Qb5 54. Qe4 Qd7+ 55. Kg3 Qd6+ 56. f4 Qc5 57. e3 Qc1 58. Qf3 Qe1+ 59. Kh3 Qc3 60. h5 Qc8+ 61. Kg3 Qa6 62. e4 Qb6 63. e5 Qg1+ 64. Kh3 Qb1 65. f5 Qe1 66. Qf4 Kh7 67. f6 gxf6 68. Qf5+ Kg8 69. Qg6+ Kf8 70. Qxf6+ Kg8 71. h6 Qc3+ 72. Kg4 Qc4+ 73. Kg5 Qc1+ 74. Qf4 Qc8 75. Qg4 Kh7 76. Qf5+ 1-0

[Event "Budapest Spring Festival 2019"]
[Site "Budapest"]
[Date "2019.04.10"]
[Round "2.37"]
[White "Nomin-Erdene, Davaademberel"]
[Black "Borhy, Marcell"]
[Result "0-1"]
[ECO "C41"]
[WhiteElo "2399"]
[BlackElo "2237"]
[Annotator "NA"]
[PlyCount "100"]
[EventDate "2019.04.09"]
[EventType "swiss"]
[EventCountry "HUN"]
[SourceTitle "playchess.com"]
[Source "ChessBase"]
[SourceQuality "1"]
[TimeControl "40/5400+30:1800+30"]

1. e4 d6 2. d4 Nf6 3. Nc3 e5 4. Nf3 Nbd7 5. Bc4 Be7 6. a4 O-O 7. O-O exd4 8. Nxd4 Nb6 9. Ba2 a5 10. Re1 Nfd7 11. h3 $11 Nc5 12. Qh5 Bf6 13. Nf3 g6 14. Qh6 Bg7 15. Qf4 Be6 16. Qg3 Bxa2 17. Rxa2 Bxc3 18. bxc3 f6 19. Nd4 Qe8 20. f3 Nbxa4 21. Bh6 Rf7 22. Ra3 Nb6 23. h4 Nc4 24. Raa1 a4 25. h5 Qe5 26. Qg4 Qxh5 27. Qxh5 gxh5 28. Kf2 Rd7 29. Rh1 Ra5 30. Rh3 Kf7 31. Bc1 Ne6 32. Nf5 Ng7 33. Nh6+ Ke8 34. g4 d5 35. exd5 Rdxd5 36. Bf4 Kd7 37. Ng8 Ra6 38. Bh6 Ne8 39. gxh5 a3 40. Rh4 Ncd6 41. Rhh1 Rb5 42. Be3 Rb2 43. Rhc1 a2 44. Ke2 Nc4 45. Bd4 Na3 46. Kd3 Rd6 47. c4 Rb1 48. Ke4 Rxc1 49. Rxc1 Rxd4+ 50. Kxd4 Nb1 0-1

[Event "Budapest Spring Festival 2019"]
[Site "Budapest"]
[Date "2019.04.10"]
[Round "2.38"]
[White "Csati, Oliver"]
[Black "Ashwath, R.."]
[Result "0-1"]
[ECO "D38"]
[WhiteElo "2221"]
[BlackElo "2388"]
[Annotator "NA"]
[PlyCount "54"]
[EventDate "2019.04.09"]
[EventType "swiss"]
[EventCountry "HUN"]
[SourceTitle "playchess.com"]
[Source "ChessBase"]
[SourceQuality "1"]
[TimeControl "40/5400+30:1800+30"]

1. d4 Nf6 2. c4 e6 3. Nf3 d5 4. Nc3 Bb4 5. Bg5 Nbd7 6. cxd5 exd5 7. e3 c5 8. dxc5 Qa5 9. Rc1 Ne4 10. Qxd5 Nxc3 11. bxc3 Bxc3+ 12. Kd1 O-O 13. Bc4 Nf6 14. Bxf6 Bxf6 15. Ke2 Bg4 16. Rhd1 Rad8 17. Qxb7 Rxd1 18. Rxd1 Qxc5 19. Qb3 Qh5 20. Rd5 Qxh2 21. Kf1 Qc7 22. Rd2 h5 23. Nd4 Rb8 24. Nb5 Qh2 25. Bxf7+ Kh8 26. f3 Bxf3 27. gxf3 Qxd2 0-1

[Event "Budapest Spring Festival 2019"]
[Site "Budapest"]
[Date "2019.04.10"]
[Round "2.39"]
[White "Bronstein, Or"]
[Black "Juhasz, Barbara"]
[Result "1-0"]
[ECO "E73"]
[WhiteElo "2387"]
[BlackElo "2199"]
[Annotator "NA"]
[PlyCount "81"]
[EventDate "2019.04.09"]
[EventType "swiss"]
[EventCountry "HUN"]
[SourceTitle "playchess.com"]
[Source "ChessBase"]
[SourceQuality "1"]
[TimeControl "40/5400+30:1800+30"]

1. d4 Nf6 2. c4 g6 3. Nc3 Bg7 4. e4 d6 5. Be2 O-O 6. Be3 e5 7. d5 a5 8. g4 Na6 {[%emt 0:00:12] E73: King's Indian: Averbakh Variation without 6...c5} 9. h4 Nc5 10. f3 Nfd7 (10... h5 11. g5 Nh7 12. Kd2 Bd7 13. Nh3 c6 14. Nf2 cxd5 15. exd5 f5 16. gxf6 Nxf6 17. Bxc5 dxc5 {0-1 (37) Vallejo Pons,F (2705)-Radjabov,T (2741) Palma de Mallorca 2017}) 11. h5 g5 12. Qd2 $146 ({Predecessor:} 12. h6 Bf6 13. Nh3 Be7 14. Qd2 f6 15. Nf2 Re8 16. Rh2 {½-½ (30) Tsolakidou,S (2279)-Afraoui,A (2014) Porto Carras 2015}) 12... h6 13. b3 Re8 14. Nh3 Bf8 15. Nf2 c6 16. O-O Nf6 17. Rab1 Bd7 18. Nh1 Be7 19. Ng3 Qb8 $16 20. Bd1 Rc8 21. Bc2 Bd8 22. a3 Na6 23. Rb2 Ne8 24. Rfb1 Ng7 25. b4 axb4 26. axb4 cxd5 27. exd5 f5 28. gxf5 Rxc4 29. Qd3 Qc8 30. f6 Bxf6 31. Qh7+ Kf7 32. Nce4 Be7 33. Bd3 Rc7 34. Qg6+ Kg8 35. Qxh6 Bf5 36. Bxg5 Bxg5 37. Qxg5 Bxe4 38. Nxe4 Qd8 39. Nf6+ Kf8 40. h6 Rf7 41. h7 1-0

[Event "Budapest Spring Festival 2019"]
[Site "Budapest"]
[Date "2019.04.11"]
[Round "3.3"]
[White "Nguyen, Piotr"]
[Black "Gopal G.N."]
[Result "0-1"]
[ECO "A04"]
[WhiteElo "2427"]
[BlackElo "2589"]
[Annotator "ChessBase"]
[PlyCount "76"]
[EventDate "2019.04.09"]
[EventType "swiss"]
[EventCountry "HUN"]
[SourceTitle "playchess.com"]
[Source "ChessBase"]
[SourceQuality "1"]
[TimeControl "40/5400+30:1800+30"]

1. Nf3 c5 2. c4 Nc6 3. b3 e5 4. Bb2 d6 5. g3 g6 6. Bg2 Bg7 7. O-O Nge7 8. Nc3 O-O 9. d3 h6 10. Nd2 Be6 11. a3 Qd7 12. Nd5 f5 13. f4 Rab8 14. Rb1 Kh7 15. b4 cxb4 16. Nxe7 Nxe7 17. axb4 b5 18. fxe5 dxe5 19. Nb3 bxc4 20. Nc5 Qc8 21. Qa4 Nd5 22. Qxa7 Ra8 23. Qxa8 Qxa8 24. Nxe6 Rc8 25. dxc4 Rxc4 26. Nxg7 Qa7+ 27. Kh1 Ne3 28. Rfc1 Qa2 29. Bxe5 Qxe2 30. Bh3 Ng4 31. Bxg4 Qe4+ 32. Kg1 Qe3+ 33. Kg2 Qd2+ 34. Kf1 Rxc1+ 35. Rxc1 Qxc1+ 36. Kf2 fxg4 37. Ne8 Qd2+ 38. Kf1 Qd1+ 0-1